 Dungeon Crawl Stone Soup version 0.30-a0-743-gbfdf073 (webtiles) character file.

Game seed: 4587802143089742601

54 Illumine the Ruffian (level 3, -2/36 HPs)
             Began as a Troll Cinder Acolyte on Feb 8, 2023.
             Was a High Priest of Ignis.
             Slain by Crazy Yiuf
             ... wielding a +2 quarterstaff of chaos
              (8 damage)
             ... on level 2 of the Dungeon.
             The game lasted 00:01:09 (912 turns).

Illumine the Ruffian (Troll Cinder Acolyte)          Turns: 912, Time: 00:01:10

Health: -2/36      AC: 11    Str: 24    XL:     3   Next: 66%
Magic:  3/3        EV:  9    Int: 10    God:    Ignis [*****.]
Gold:   53         SH:  0    Dex:  5    Spells: 4/4 levels left

rFire   + . .      SeeInvis .      - Unarmed
rCold   . . .      Faith    .    (no shield)
rNeg    . . .      Spirit   .    b - +0 robe
rPois   .          Reflect  .    (helmet restricted)
rElec   .          Harm     .    (no cloak)
rCorr   .          Rampage  .    (gloves unavailable)
Will    .....                    (boots unavailable)
Stlth   +                        (no amulet)
HPRegen 1.06/turn                (no ring)
MPRegen 0.08/turn                (no ring)

@: fiery-armoured
A: large, unfitting armour, claws 3, regeneration 1, shaggy fur 1, tough skin 1
a: Renounce Religion, Fiery Armour, Foxfire Swarm, Rising Flame


You were on level 2 of the Dungeon.
You worshipped Ignis.
Ignis was extremely pleased with you.
You visited 1 branch of the dungeon, and saw 2 of its levels.

You collected 53 gold pieces.

Inventory:

Hand Weapons
 a - a -1 falchion of flaming
Armour
 b - a +0 robe (worn)
Scrolls
 e - 2 scrolls of torment {unknown}
 f - 2 scrolls of identify {unknown}
 h - 2 scrolls of fog {unknown}
 i - a scroll of enchant armour {unknown}
 j - a scroll of blinking {unknown}
 l - a scroll of vulnerability {unknown}
 m - a scroll of noise {unknown}
Potions
 c - 3 potions of curing {unknown}
 d - 3 potions of mutation {unknown}
 g - 2 potions of haste {unknown}
 k - a potion of heal wounds {unknown}


   Skills:
 - Level 2.4 Fighting
 - Level 2.4 Long Blades
 * Level 3.4 Unarmed Combat
 - Level 1.0 Spellcasting
 - Level 2.1 Fire Magic


You had 4 spell levels left.
You didn't know any spells.
Your spell library contained the following spells:

 Spells                   Type           Power      Damage    Failure   Level
 Scorch                   Fire           8%         2d5       22%         2
 Beastly Appendage        Tmut           0%         N/A       34%         1
 Wereblood                Tmut           0%         N/A       45%         2
 Spider Form              Tmut/Pois      0%         N/A       71%         3


Dungeon Overview and Level Annotations

Branches:
Dungeon (2/15)

Altars:

Annotations:
D:2 Crazy Yiuf


Innate Abilities, Weirdness & Mutations

You are too large for most types of armour.
You have claws for hands.
Your natural rate of healing is unusually fast.
You are covered in fur. (AC +1)
You have tough skin. (AC +1)


Message History

A goblin is nearby!
The goblin closely misses you.
You barely miss the goblin. The goblin barely misses you.
You claw the goblin!
You kill the goblin!
No target in view!
Things that are here:
a +0 club; a goblin corpse
Found a robe.
No target in view!
Found a stone staircase leading up.
You see here a +0 robe.
No target in view!
You see here a +0 robe.
Key pressed, stopping explore.
No target in view!
Save game and exit?
Welcome back, Illumine the Troll Cinder Acolyte.
The flames of Ignis gently warm you.
Press ? for a list of commands and other information.
Found a hammer.
Found three hammers.
Found a runed translucent door.
You see here a +2 heavy hammer.
Found a hammer.
You open the door. You scratch Crazy Yiuf.
Crazy Yiuf is lightly wounded.
Crazy Yiuf yells, "Liver snail ladder!"
Crazy Yiuf hits you with a +2 quarterstaff of chaos!
You scratch Crazy Yiuf but do no damage.
Crazy Yiuf is lightly wounded.
Crazy Yiuf hits you with a +2 quarterstaff of chaos!
Crazy Yiuf attacks as you move away!
Crazy Yiuf hits you with a +2 quarterstaff of chaos!
* * * LOW HITPOINT WARNING * * *
Crazy Yiuf burns you.
* * * LOW HITPOINT WARNING * * *
A protective cloak of flame settles atop you.
Crazy Yiuf hits you with a +2 quarterstaff of chaos!
You die...

#.#.#....# #..# ##.#.#....#
##### #..# .....+....+ #..)# #
#..# ##.#.#....# #...#
#..###..# #.#.#....# )))
#.......# #.#....... #'#
##.####.# ..# ## ♣♣.♣ #.# ###
♣g♣♣ #. #.# ♣♣@♣ ##. #.# ♣)♣♣
#.. #.### ♣♣.♣♣ #.. #.... ####
♣).P♣♣ #...###..## ########..#
♣.PPP♣ #......## #.........#
#....# #.####>###
#.######..####..######.........
#.#..........##..#######
#.#.###......##..#


You could see Crazy Yiuf.

Vanquished Creatures
  3 adders
  A dart slug (D:2)
  3 ball pythons (D:1)
  3 bats
  An endoplasm (D:1)
  A giant cockroach (D:1)
  3 goblins
  5 hobgoblins
  2 frilled lizards (D:1)
  A kobold (D:1)
  3 rats
26 creatures vanquished.

Notes
Turn   | Place    | Note
-------+----------+-------------------------------------------
     0 | D:1      | Illumine the Troll Cinder Acolyte began the quest for the
                  | Orb.
     0 | D:1      | Reached XP level 1. HP: 22/22 MP: 1/1
   105 | D:1      | Reached skill level 1 in Unarmed Combat
   139 | D:1      | Reached XP level 2. HP: 29/29 MP: 2/2
   230 | D:1      | Reached skill level 2 in Unarmed Combat
   248 | D:1      | Found a faded altar of an unknown god.
   508 | D:1      | Reached XP level 3. HP: 31/36 MP: 3/3
   553 | D:2      | Reached skill level 3 in Unarmed Combat
   903 | D:2      | Found a runed translucent door.
   904 | D:2      | Noticed Crazy Yiuf
   912 | D:2      | Slain by Crazy Yiuf

Illustrated notes

Levels and vault maps discovered:
D:1:      dpeg_arrival_water_temple_mockup, layout_basic,
          shapermc_ecumenical_altar_gd, minmay_quantized
D:2:      layout_basic, uniq_crazy_yiuf_cottage

Skill      XL: |  1  2  3 |
---------------+----------+-----
Unarmed Combat | 1 2 3 |  3.4
Fighting       | |  2.4
Long Blades    | |  2.4
Spellcasting   | |  1.0
Fire Magic     | |  2.1

Action                     || total
---------------------------++-------
  Melee: Falchion          ||    16
         Unarmed           ||    65
         Punch             ||     1
 Invoke: Fiery Armour      ||     1
 Armour: Robe              ||    39
  Dodge: Dodged            ||    46

Table legend: (Time is in decaauts)
 A = Elapsed time spent in this place.
 B = Non-inter-level travel time spent in this place.
 C = Inter-level travel time spent in this place.
 D = Time resting spent in this place.
 E = Time spent auto-exploring this place.
 F = Levels seen in this place.
 G = Mean time per level.
                   A        B        C        D        E       F      G
               +--------+--------+--------+--------+--------+-----+--------+
         Total |    912 |    897 |     15 |      0 |    687 |   2 |  456.0 |
       Dungeon |    912 |    897 |     15 |      0 |    687 |   2 |  456.0 |
               +--------+--------+--------+--------+--------+-----+--------+

Top non-repeatable levels by time:
     D:1: 505 daAuts
     D:2: 406 daAuts
